 Dungeon Crawl Stone Soup version 0.18.1-8-gdd0e5ea (webtiles) character file.

41 matakusis the Sneak (level 3, -1/24 HPs)
             Began as a Vampire Enchanter on June 5, 2016.
             Slain by a giant frog (7 damage)
             ... on level 3 of the Dungeon.
             The game lasted 00:06:59 (2409 turns).

matakusis the Sneak (Vampire Enchanter)             Turns: 2409, Time: 00:07:00

Health: -1/24      AC:  2    Str:  7    XL:     3   Next: 32%
Magic:  6/6        EV: 13    Int: 17    God:
Gold:   52         SH:  0    Dex: 15    Spells: 2 memorised, 2 levels left

rFire  . . .     SeeInvis +     m - +0 short sword (venom)
rCold  . . .     Gourm    .     k - +0 robe (curse)
rNeg   + . .     Faith    .     (no shield)
rPois  .         Spirit   .     (no helmet)
rElec  .         Dismiss  .     (no cloak)
rCorr  .         Reflect  .     (no gloves)
SustAt .         Harm     .     (no boots)
MR     .....                    (no amulet)
Stlth  +++.......               (no ring)
                                (no ring)

@: not resistant to hostile enchantments, fairly stealthy
A: fangs 3, see invisible, unbreathing
a: Bat Form


You were on level 3 of the Dungeon.
You were not thirsty.

You visited 1 branch of the dungeon, and saw 3 of its levels.

You collected 52 gold pieces.

Inventory:

Hand Weapons
 a - a +1 dagger
 m - a +0 short sword of venom (weapon)
Missiles
 g - a throwing net (quivered)
 i - 3 curare-tipped needles
Armour
 b - a +1 robe
 k - a cursed +0 robe (worn)
Scrolls
 e - 4 scrolls of remove curse {unknown}
 h - 4 scrolls of identify {unknown}
Potions
 d - 7 potions of blood
 f - a potion of might {unknown}
 j - 2 potions of curing {unknown}
 l - a potion of brilliance {unknown}
Books
 c - a book of Maledictions

   Spells                             Type                      Level
   a - Corona                         Hexes                        1
   b - Ensorcelled Hibernation        Hexes/Ice                    2
   c - Confuse                        Hexes                        3
   d - Tukima's Dance                 Hexes                        3
   e - Dazzling Spray                 Conjuration/Hexes            3


   Skills:
 + Level 1.3 Short Blades
 + Level 2.5 Dodging
 * Level 5.6 Stealth
 + Level 2.2 Spellcasting
 * Level 4.7 Hexes


You had 2 spell levels left.
You knew the following spells:

 Your Spells              Type           Power        Failure   Level  Hunger
a - Corona                Hex            ###....      2%          1    #......
b - Tukima's Dance        Hex            ###.....     10%         3    ###....


Dungeon Overview and Level Annotations

Branches:
Dungeon (3/15)

Altars:
Xom
The Shining One

Annotations:
D:2 Sigmund


Innate Abilities, Weirdness & Mutations

You have razor-sharp teeth.
You have supernaturally acute eyesight.
You can survive without breathing.


Message History

There is a stone staircase leading up here.
You hear the rapid rusting of a distant drain.
A bat comes into view.
You hit the bat but do no damage.
The bat is poisoned.
The bat closely misses you.
You kill the bat!
A giant frog comes into view.
The giant frog gives a loud, deep croak!
The giant frog closely misses you.
The giant frog hits you but does no damage.
You hit the giant frog but do no damage.
The giant frog is poisoned.
The giant frog hits you.
You closely miss the giant frog. The giant frog barely misses you.
The giant frog hits you.
You barely miss the giant frog.
You hear the drain falling apart.
The giant frog hits you.
* * * LOW HITPOINT WARNING * * *
The giant frog hits you!
You die...

#.# #.# #.# #.# #
#.# .# #.#
.###########.######
................@.#
##.##############F#
##.# #.# #.# #.#
##.# #.# ##.## #.#
..## #.. ### ##. .


You could see a giant frog.

Vanquished Creatures
  An ooze (D:1)
  A worm (D:2)
  2 giant geckos
  6 bats
  3 giant cockroaches
  6 goblins
  2 hobgoblins
  4 kobolds
  6 rats
31 creatures vanquished.

Notes
Turn   | Place    | Note
--------------------------------------------------------------
     0 | D:1      | matakusis the Vampire Enchanter began the quest for the Orb.
     0 | D:1      | Reached XP level 1. HP: 13/13 MP: 3/3
   189 | D:1      | Reached skill level 5 in Stealth
   198 | D:1      | Reached XP level 2. HP: 19/19 MP: 5/5
  1660 | D:2      | Reached XP level 3. HP: 24/24 MP: 6/6
  1672 | D:2      | Noticed Sigmund
  2084 | D:3      | Learned a level 3 spell: Tukima's Dance
  2152 | D:2      | Found a shimmering altar of Xom.
  2152 | D:2      | Found a glowing golden altar of the Shining One.
  2404 | D:3      | Noticed a giant frog
  2409 | D:3      | Slain by a giant frog

Skill      XL: |  1 |
---------------+----+-----
Stealth        | 5 |  5.6
Short Blades   | |  1.3
Dodging        | |  2.5
Spellcasting   | |  2.2
Hexes          | |  4.7

Action                   || total
-------------------------++-------
Melee: Dagger            ||    79
       Bite              ||     4
       Short sword       ||    15
 Cast: Corona            ||    14
  Use: Potion            ||     4
 Stab: Sleeping          ||    13
Armor: Robe              ||    17
Dodge: Dodged            ||    50
